 Dungeon Crawl Stone Soup version 0.22.1-2-g9c5b331 (webtiles) character file.

705 TheAlmogaver the Magician (level 7, -3/51 HPs)
             Began as a Gnoll Wizard on Dec 26, 2018.
             Was a Follower of Ashenzari.
             Slain by an orc warrior
             ... wielding a +1 morningstar of venom
              (29 damage)
             ... on level 5 of the Dungeon.
             The game lasted 00:24:23 (5151 turns).

TheAlmogaver the Magician (Gnoll Wizard)            Turns: 5151, Time: 00:24:24

Health: -3/51      AC:  4    Str: 10    XL:     7   Next: 67%
Magic:  15/18      EV: 15    Int: 22    God:    Ashenzari [*.....]
Gold:   210        SH:  0    Dex: 13    Spells: 10/21 levels left

rFire    . . .     SeeInvis .   n - +3 dagger
rCold    . . .     Gourm    +   (no shield)
rNeg     . . .     Faith    .   a - +0 robe
rPois    .         Spirit   .   o - +0 helmet
rElec    .         Reflect  .   (no cloak)
rCorr    .         Harm     .   (no gloves)
MR       .....                  r - +0 pair of boots
Stlth    +++.......             l - amulet of the gourmand
HPRegen  0.17/turn              (no ring)
MPRegen  0.16/turn              (no ring)

@: lethally poisoned (-3 -> -5)
A: distributed training, fangs 1, strong nose
a: Curse Item, Scrying, Renounce Religion


You were on level 5 of the Dungeon.
You worshipped Ashenzari.
Ashenzari was aware of your devotion.
You were not hungry.

You visited 2 branches of the dungeon, and saw 7 of its levels.

You collected 210 gold pieces.

Inventory:

Hand Weapons
 n - a +3 dagger (weapon)
 p - the cursed +0 quarterstaff of Liwaituese {vamp, Dex+4}
   (You found it on level 4 of the Dungeon)

   It inflicts no extra harm, but heals its wielder when it wounds a living foe.
   It affects your dexterity (+4).
   It has a curse placed upon it.
Missiles
 e - 5 javelins (quivered)
 f - 94 stones
Armour
 a - a +0 robe (worn)
 b - a +0 hat
 o - a +0 helmet (worn)
 r - a +0 pair of boots (worn)
Jewellery
 l - an amulet of the gourmand (around neck)
Wands
 v - a wand of scattershot (6)
Scrolls
 c - a scroll of enchant armour {unknown}
 g - 2 scrolls of identify {unknown}
 j - a scroll of enchant weapon {unknown}
 k - a scroll of fear {unknown}
 m - 3 scrolls of remove curse
 q - a scroll of random uselessness {unknown}
 s - a scroll of teleportation {unknown}
 w - a scroll of fog {unknown}
Potions
 h - a potion of might {unknown}
 i - 4 potions of curing
 t - a potion of agility {unknown}
 u - a potion of mutation {unknown}
Comestibles
 d - 8 rations


   Skills:
 + Level 2.6 Fighting
 + Level 2.6 Short Blades
 + Level 2.6 Long Blades
 + Level 2.6 Axes
 + Level 2.6 Maces & Flails
 + Level 2.6 Polearms
 + Level 2.6 Staves
 + Level 2.6 Slings
 + Level 2.6 Bows
 + Level 2.6 Crossbows
 + Level 2.6 Throwing
 + Level 2.6 Armour
 + Level 5.3 Dodging
 + Level 5.0 Stealth
 + Level 2.6 Shields
 + Level 2.6 Unarmed Combat
 + Level 7.6 Spellcasting
 + Level 3.0 Conjurations
 + Level 2.1 Hexes
 + Level 2.1 Charms
 + Level 3.0 Summonings
 + Level 2.1 Necromancy
 + Level 3.0 Translocations
 + Level 2.1 Transmutations
 + Level 2.1 Fire Magic
 + Level 2.1 Ice Magic
 + Level 2.1 Air Magic
 + Level 2.1 Earth Magic
 + Level 2.1 Poison Magic
 + Level 2.9 Invocations
 + Level 2.6 Evocations


You had 10 spell levels left.
You knew the following spells:

 Your Spells              Type           Power        Failure   Level  Hunger
a - Magic Dart            Conj           ###.         2%          1    None
b - Blink                 Tloc           N/A          3%          2    None
c - Call Imp              Summ           ###.....     3%          2    None
d - Conjure Flame         Conj/Fire      ###.....     8%          3    None
e - Mephitic Cloud        Conj/Pois/Air  ###.....     9%          3    None

Your spell library contained the following spells:

 Spells                   Type           Power        Failure   Level  Hunger
 Slow                     Hex            ###.....     4%          2    None


Dungeon Overview and Level Annotations

Branches:
Dungeon (6/15)             Temple (1/1) D:4

Altars:
Ashenzari
Cheibriados
Dithmenos
Elyvilon
Fedhas
Hepliaklqana
Kikubaaqudgha
Makhleb
Nemelex Xobeh
Qazlal
Ru
Sif Muna
Trog
Uskayaw
Vehumet
Wu Jian
Xom
Yredelemnul
Zin
The Shining One

Annotations:
D:5 1 runed door


Innate Abilities, Weirdness & Mutations

Your experience applies equally to all skills.
You have very sharp teeth.
Your uncanny sense of smell can sniff out nearby items.


Message History

You are poisoned.
You climb upwards.
Level annotation: 1 runed door You feel sick.
There is a stone staircase leading down here.
Casting: Magic Dart (safe; 2% risk of failure)
Confirm with . or Enter, or press ? or * to list all spells.
You blink.
You feel sick.
You feel sick.
You feel sick.
You feel sick.
Casting: Blink (safe; 3% risk of failure)
Confirm with . or Enter, or press ? or * to list all spells.
A beastly little devil appears in a puff of frigid air.
Your white imp says, "I'm here!"
You feel sick.
The orc warrior hits you with a morningstar of venom!!
Ouch! That really hurt!
You die...

##.....#
#......#########
#..............#
#.#...########.#
#.##### #.# #.#
######.#### #.#
#.55.5....# #.#
#.######..# #.# #5#
#@5#
#)#######.######o.#
..(...............#
..........#####...#
....####### #...#
.##.# #...# รท##.#
#...##### ..#.###
#.......# #.....#
######..####.#


You could see an orc warrior and a friendly white imp.

Vanquished Creatures
  An ice beast (D:3)
  An ogre (D:4)
  A centaur (D:5)
  A bullfrog zombie (D:6)
  3 orc wizards
  2 worker ants
  2 gnolls
  4 adders
  2 oozes
  An adder zombie (D:5)
  3 dart slugs (D:1)
  3 leopard geckos
  10 orcs
  5 giant cockroaches
  2 goblins
  3 hobgoblins
  6 jackals (D:1)
  3 quokkas
  13 bats
  5 frilled lizards
  7 kobolds
  5 rats
83 creatures vanquished.

Vanquished Creatures (collateral kills)
  A scorpion (D:5)
  A bullfrog zombie (D:5)
  A hound (D:5)
  A bullfrog skeleton (D:5)
  3 orc wizards
  2 worker ants
  A worker ant zombie (D:5)
  A gnoll (D:2)
  An adder zombie (D:5)
  A worm (D:3)
  4 orcs
  2 goblins (D:3)
  A hobgoblin (D:3)
  A kobold (D:2)
  A ball python (D:4)
  A frilled lizard (D:2)
  A jackal zombie (D:5)
24 creatures vanquished.

Vanquished Creatures (others)
  An orc (D:3)
1 creature vanquished.

Grand Total: 108 creatures vanquished

Notes
Turn   | Place    | Note
-------+----------+-------------------------------------------
     0 | D:1      | TheAlmogaver the Gnoll Wizard began the quest for the Orb.
     0 | D:1      | Reached XP level 1. HP: 13/13 MP: 8/8
    62 | D:1      | Reached XP level 2. HP: 3/19 MP: 0/10
  1017 | D:1      | Reached XP level 3. HP: 25/25 MP: 5/11
  1274 | D:1      | Reached skill level 1 in Invocations
  1482 | D:2      | Found a glowing silver altar of Zin.
  1509 | D:2      | Learned a level 2 spell: Blink
  1512 | D:2      | Learned a level 2 spell: Call Imp
  1517 | D:2      | Reached skill level 1 in Fighting
  1517 | D:2      | Reached skill level 1 in Short Blades
  1517 | D:2      | Reached skill level 1 in Long Blades
  1517 | D:2      | Reached skill level 1 in Axes
  1517 | D:2      | Reached skill level 1 in Maces & Flails
  1517 | D:2      | Reached skill level 1 in Polearms
  1517 | D:2      | Reached skill level 1 in Staves
  1517 | D:2      | Reached skill level 1 in Slings
  1517 | D:2      | Reached skill level 1 in Bows
  1517 | D:2      | Reached skill level 1 in Crossbows
  1517 | D:2      | Reached skill level 1 in Throwing
  1517 | D:2      | Reached skill level 1 in Armour
  1517 | D:2      | Reached skill level 1 in Shields
  1517 | D:2      | Reached skill level 1 in Unarmed Combat
  1517 | D:2      | Reached skill level 1 in Evocations
  1535 | D:2      | Learned a level 3 spell: Conjure Flame
  1539 | D:2      | Learned a level 3 spell: Mephitic Cloud
  1678 | D:2      | Reached XP level 4. HP: 32/32 MP: 8/13
  2231 | D:3      | Reached skill level 1 in Hexes
  2231 | D:3      | Reached skill level 1 in Charms
  2231 | D:3      | Reached skill level 1 in Necromancy
  2231 | D:3      | Reached skill level 1 in Transmutations
  2231 | D:3      | Reached skill level 1 in Fire Magic
  2231 | D:3      | Reached skill level 1 in Ice Magic
  2231 | D:3      | Reached skill level 1 in Air Magic
  2231 | D:3      | Reached skill level 1 in Earth Magic
  2231 | D:3      | Reached skill level 1 in Poison Magic
  2336 | D:3      | Found a bloodstained altar of Trog.
  2493 | D:3      | Found a shattered altar of Ashenzari.
  2505 | D:3      | Became a worshipper of Ashenzari the Shackled
  2594 | D:3      | Reached XP level 5. HP: 37/37 MP: 12/14
  3117 | D:4      | Noticed an ice beast
  3183 | D:3      | Killed an ice beast
  3183 | D:3      | Reached XP level 6. HP: 23/44 MP: 2/16
  3388 | D:4      | Found a staircase to the Ecumenical Temple.
  3449 | Temple   | Entered the Ecumenical Temple
  3640 | D:4      | Got the cursed quarterstaff of Liwaituese {vamp, Dex+4}
  3703 | D:4      | Reached skill level 5 in Dodging
  4013 | D:5      | Entered Level 5 of the Dungeon
  4017 | D:5      | Reached XP level 7. HP: 20/50 MP: 0/18
  4651 | D:5      | Reached * piety under Ashenzari
  4746 | D:5      | Found a runed door.
  4746 | D:5      | Noticed a human
  4758 | D:5      | Found a basalt altar of Yredelemnul.
  5035 | D:6      | Reached skill level 5 in Stealth
  5151 | D:5      | Slain by an orc warrior

Skill      XL: |  1  2  3  4  5  6  7 |
---------------+----------------------+-----
Conjurations   | 2 3 |  3.0
Summonings     | 2 3 |  3.0
Translocations | 2 3 |  3.0
Invocations    | 1 2 |  2.9
Fighting       | 1 2 |  2.6
Short Blades   | 1 2 |  2.6
Long Blades    | 1 2 |  2.6
Axes           | 1 2 |  2.6
Maces & Flails | 1 2 |  2.6
Polearms       | 1 2 |  2.6
Staves         | 1 2 |  2.6
Slings         | 1 2 |  2.6
Bows           | 1 2 |  2.6
Crossbows      | 1 2 |  2.6
Throwing       | 1 2 |  2.6
Armour         | 1 2 |  2.6
Shields        | 1 2 |  2.6
Unarmed Combat | 1 2 |  2.6
Evocations     | 1 2 |  2.6
Hexes          | 1 2 |  2.1
Charms         | 1 2 |  2.1
Necromancy     | 1 2 |  2.1
Transmutations | 1 2 |  2.1
Fire Magic     | 1 2 |  2.1
Ice Magic      | 1 2 |  2.1
Air Magic      | 1 2 |  2.1
Earth Magic    | 1 2 |  2.1
Poison Magic   | 1 2 |  2.1
Dodging        | 5 |  5.3
Stealth        | 5 |  5.0
Spellcasting   | |  7.6

Action                   |  1- 3 |  4- 6 |  7- 9 || total
-------------------------+-------+-------+-------++-------
Melee: Unarmed           |    32 |     3 |       ||    35
       Bite              |     2 |       |       ||     2
       Dagger            |       |     1 |       ||     1
Throw: Javelin           |       |    18 |       ||    18
 Cast: Magic Dart        |    84 |    88 |    53 ||   225
       Call Imp          |     1 |    22 |    25 ||    48
       Mephitic Cloud    |       |     6 |     1 ||     7
       Blink             |       |     4 |     1 ||     5
       Conjure Flame     |       |     4 |       ||     4
  Eat: Chunk             |     2 |     6 |     6 ||    14
       Ration            |       |     1 |       ||     1
Armor: Robe              |    25 |     1 |     3 ||    29
Dodge: Dodged            |   107 |    13 |    13 ||   133
